 Dungeon Crawl Stone Soup version 0.20-a0-1024-ge4c44be (webtiles) character file.

225 HankScorpio the Cudgeler (level 6, -1/52 HPs)
             Began as a Gargoyle Gladiator on Apr 20, 2017.
             Killed from afar by an orc wizard (7 damage)
             ... with a magic dart
             ... on level 4 of the Dungeon.
             The game lasted 00:06:12 (2055 turns).

HankScorpio the Cudgeler (Gargoyle Gladiator)       Turns: 2055, Time: 00:06:12

Health: -1/52      AC: 23    Str: 18    XL:     6   Next: 1%
Magic:  6/6        EV:  2    Int:  9    God:
Gold:   209        SH: 11    Dex: 12    Spells: 5/5 levels left

rFire    + . .     SeeInvis .   a - +0 flail
rCold    + . .     Gourm    .   j - +0 large shield
rNeg     + + +     Faith    .   (armour currently unavailable)
rPois    ∞         Spirit   .   (helmet currently unavailable)
rElec    +         Reflect  .   (cloak currently unavailable)
rCorr    +         Harm     .   (gloves currently unavailable)
MR       .....     NoTele   +   (boots currently unavailable)
Stlth    +.........             (no amulet)
Regen    0.2/turn               (no ring)
MPRegen  0.1/turn               (no ring)

@: tree-form, resistant
A: negative energy resistance 1, petrification resistance, rot immunity, AC +4
a: no special abilities


You were on level 4 of the Dungeon.
You were very hungry.
You were a tree.
You visited 1 branch of the dungeon, and saw 4 of its levels.

You collected 209 gold pieces.

Inventory:

Hand Weapons
 a - a +0 flail (weapon)
Missiles
 d - 3 throwing nets (quivered)
Armour
 b - a +0 leather armour
 c - a +0 helmet (melded)
 g - a +0 ring mail (melded)
 j - a +0 large shield (worn)
Jewellery
 n - an uncursed ring of poison resistance {unknown}
Scrolls
 i - 5 scrolls of identify {unknown}
 k - a scroll of fog {unknown}
 l - a scroll of magic mapping {unknown}
 p - 2 scrolls of teleportation {unknown}
Comestibles
 f - 3 bread rations
 h - a royal jelly
 o - a meat ration


   Skills:
 - Level 2.1 Fighting
 + Level 6.4 Maces & Flails
 - Level 1.7 Throwing
 - Level 2.4 Dodging


You had 5 spell levels left.
You didn't know any spells.

Dungeon Overview and Level Annotations

Branches:
Dungeon (4/15)
 Temple: D:4-7

Altars:

Annotations:
D:3 DoctorBileduct's ghost, amateur MiBe


Innate Abilities, Weirdness & Mutations

You are resistant to torment.
((Your stone body is resilient. (AC +4)))
You are immune to poison.
You resist negative energy. (rN+)
((You are resistant to electric shocks. (rElec)))
((You can survive without breathing.))
You are immune to petrification.
You are immune to rotting.


Message History

You block the puff of flame.
You miss something. Something hits you but does no damage.
You closely miss something. Something hits you but does no damage.
You hit something. Something hits you but does no damage.
You completely miss something. You block something's attack.
You hear some strange, mumbled words.
A magic dart appears from out of thin air!
The magic dart hits you!
* * * LOW HITPOINT WARNING * * *
You closely miss something.
You hear some strange, mumbled words.
A puff of flame appears from out of thin air!
The puff of flame hits you! You resist.
You thump something! Something hits you but does no damage.
You barely miss something. Something hits you but does no damage.
You hit something.
You hear some strange, mumbled words.
A magic dart appears from out of thin air!
The magic dart hits you!
You die...

##...###... ##.## ####
#.# # #.# # ##.## ##
##...## ##. #.#
#.....###..
.....#########....###...
......{♣............'...
.....#########.....##...
#.# #.....###.. #.#÷#.#
##. #.#.#.# ## #.#.#.# #
#.#...# #.##### #.# ###


There were no monsters in sight!

Vanquished Creatures
  A hound (D:4)
  An orc wizard (D:4)
  A bullfrog skeleton (D:4)
  Terence (D:2)
  A worker ant (D:4)
  5 adders
  An ooze (D:2)
  2 worms
  A leopard gecko (D:4)
  3 orcs
  A ball python (D:1)
  6 goblins
  4 hobgoblins
  4 jackals (D:2)
  A kobold (D:1)
  A bat (D:1)
  2 frilled lizards
  A quokka skeleton (D:4)
  4 rats (D:1)
41 creatures vanquished.

Notes
Turn   | Place    | Note
-------+----------+-------------------------------------------
     0 | D:1      | HankScorpio the Gargoyle Gladiator began the quest for the Orb.
     0 | D:1      | Reached XP level 1. HP: 12/12 MP: 1/1
   154 | D:1      | Reached XP level 2. HP: 13/17 MP: 2/2
   824 | D:2      | Reached skill level 4 in Maces & Flails
   862 | D:2      | Found a faded altar of an unknown god.
   880 | D:2      | Reached XP level 3. HP: 21/21 MP: 3/3
   936 | D:2      | Noticed Terence
   956 | D:2      | Killed Terence
  1146 | D:2      | Reached XP level 4. HP: 24/26 MP: 4/4
  1249 | D:3      | Reached skill level 5 in Maces & Flails
  1459 | D:3      | Noticed DoctorBileduct's ghost (amateur MiBe)
  1744 | D:4      | Reached XP level 5. HP: 27/30 MP: 5/5
  1815 | D:4      | Reached skill level 6 in Maces & Flails
  2047 | D:4      | Reached XP level 6. HP: 5/35 MP: 6/6
  2055 | D:4      | Killed from afar by an orc wizard

Vault maps used:
D:1:      dpeg_arrival_oval, minmay_curled_crystal
D:2:      chequers_ecumenical_altar_simple_redux, uniq_terence
D:3:      kb_forest_paths, first_bread
D:4:      serial_shops, shop_statue, cheibrodos_ashenzari_chains

Skill      XL: |  1  2  3  4  5 |
---------------+----------------+-----
Maces & Flails | 4 5 6 |  6.4
Fighting       | |  2.1
Throwing       | |  1.7
Dodging        | |  2.4

Action                   |  1- 3 |  4- 6 || total
-------------------------+-------+-------++-------
Melee: Flail             |    82 |   141 ||   223
  Use: Potion            |       |     2 ||     2
  Eat: Chunk             |       |     3 ||     3
Armor: Ring mail         |    50 |   101 ||   151
       Skin              |       |     3 ||     3
Dodge: Dodged            |    24 |    48 ||    72
Block: Large shield      |    39 |   128 ||   167
